 Dungeon Crawl Stone Soup version 0.22-a0-525-gf69a080 (webtiles) character file.

13 inc the Grasshopper (level 2, -2/26 HPs)
             Began as a Naga Warper on June 20, 2018.
             Slain by a goblin (4 damage)
             ... on level 1 of the Dungeon.
             The game lasted 00:00:45 (227 turns).

inc the Grasshopper (Naga Warper)                    Turns: 227, Time: 00:00:46

Health: -2/26      AC:  2    Str: 13    XL:     2   Next: 37%
Magic:  5/5        EV:  9    Int: 13    God:
Gold:   36         SH:  0    Dex: 10    Spells: 5/5 levels left

rFire    . . .     SeeInvis +   a - +0 mace
rCold    . . .     Gourm    .   (no shield)
rNeg     . . .     Faith    .   b - +0 leather armour
rPois    +         Spirit   .   (no helmet)
rElec    .         Reflect  .   (no cloak)
rCorr    .         Harm     .   (no gloves)
MR       .....                  (no barding)
Stlth    +.........             (no amulet)
HPRegen  0.08/turn              (no ring)
MPRegen  0.09/turn              (no ring)

@: short of breath, very slow
A: large, see invisible, deformed body, poison resistance, slowness 2, slow
metabolism 1, spit poison 1, AC +0
a: Spit Poison


You were on level 1 of the Dungeon.
You were not hungry.

You visited 1 branch of the dungeon, and saw 1 of its levels.

You collected 36 gold pieces.

Inventory:

Hand Weapons
 a - a +0 mace (weapon)
Missiles
 e - 5 tomahawks of dispersal (quivered)
Armour
 b - a +0 leather armour (worn)
Scrolls
 c - a scroll of remove curse {unknown}
 d - a scroll of blinking
Comestibles
 f - a ration


   Skills:
 - Level 2.0 Fighting
 + Level 3.0 Maces & Flails
 - Level 0.8 Throwing
 - Level 0.7 Armour
 - Level 1.5 Dodging
 - Level 2.0 Spellcasting
   Level 3.0 Translocations


You had 5 spell levels left.
You didn't know any spells.
Your spell library contained the following spells:

 Spells                   Type           Power        Failure   Level  Hunger
 Teleport Other           Tloc           #.......     28%         3    ####...
 Blink                    Tloc           N/A          14%         2    ###....
 Passage of Golubria      Tloc           N/A          67%         4    #####..
 Shroud of Golubria       Chrm/Tloc      #.........   26%         2    ###....
 Gell's Gravitas          Tloc           #.........   28%         3    ####...
 Lesser Beckoning         Tloc           #.........   28%         3    ####...


Dungeon Overview and Level Annotations

Branches:
Dungeon (1/15)

Altars:


Innate Abilities, Weirdness & Mutations

You cannot wear boots.
Your serpentine skin is tough. (AC +0)
You have supernaturally acute eyesight. (SInv)
Armour fits poorly on your strangely shaped body.
Your system is resistant to poisons. (rPois)
You cover ground very slowly.
You have a slow metabolism.
You can spit poison.


Message History

* * * LOW HITPOINT WARNING * * *
The rat bites you.
* * * LOW HITPOINT WARNING * * *
Unknown command.
You have got your breath back.
Unknown command.
Press: ? - help, Shift-Dir - straight line, f/p - hobgoblin
Aim: a hobgoblin, wielding a club The splash of poison hits the hobgoblin.
The hobgoblin is poisoned.
You kill the hobgoblin!
You feel slightly more hungry. The rat bites you.
* * * LOW HITPOINT WARNING * * *
Unknown command.
You hit the rat.
You kill the rat!
Your Maces & Flails skill increases to level 3!
You barely miss the goblin. The goblin completely misses you.
You barely miss the goblin. The goblin hits you.
You die...

..................#
######.
..........(.......#
#....#.
..................#
#.<..'.
..................#
#....#.
..................#
######.
#................#
##
#.##.............##
# ..
##....)#........
#####@g.##.....
###........
#.........
......?.[..
#...........
[............
.g............
...............
.........##....


You could see a goblin.

Vanquished Creatures
  A ball python (D:1)
  A giant cockroach (D:1)
  A goblin (D:1)
  3 hobgoblins (D:1)
  A kobold (D:1)
  A bat (D:1)
  A frilled lizard (D:1)
  3 rats (D:1)
12 creatures vanquished.

Notes
Turn   | Place    | Note
-------+----------+-------------------------------------------
     0 | D:1      | inc the Naga Warper began the quest for the Orb.
     0 | D:1      | Reached XP level 1. HP: 19/19 MP: 3/3
   185 | D:1      | Reached XP level 2. HP: 25/26 MP: 5/5
   227 | D:1      | Slain by a goblin

Vault maps used:
D:1:      dpeg_arrival_erosion, kennysheep_boxes

Skill      XL: |  1  2 |
---------------+-------+-----
Maces & Flails | 3 |  3.0
Fighting       | |  2.0
Throwing       | |  0.8
Armour         | |  0.7
Dodging        | |  1.5
Spellcasting   | |  2.0
Translocations | |  3.0

Action                   || total
-------------------------++-------
Melee: Mace              ||    20
 Abil: Spit Poison       ||    10
Armor: Leather armour    ||     2
Dodge: Dodged            ||    11

Table legend:
 A = Spawn XP
 B = Non-spawn XP
 C = Spawn XP percentage of total XP
 D = Spawn monster count
 E = Non-spawn monster count
 F = Spawn count percentage of total count
 G = Total turns spent on level
                    A         B        C        D         E        F      G
               +---------+---------+-------+---------+---------+-------+---------
         Total |       0 |      19 |   0.0 |       0 |      12 |   0.0 |   227
               +---------+---------+-------+---------+---------+-------+---------
           D:1 |       0 |      19 |   0.0 |       0 |      12 |   0.0 |   227
               +---------+---------+-------+---------+---------+-------+---------
